 Dungeon Crawl Stone Soup version 0.31-a0-237-g2d982f9f85 (webtiles) character file.

Game seed: 16282180889952770691

700 qw the Shooter (level 7, 0/43 HPs)
             Began as a Gargoyle Hexslinger on July 11, 2023.
             Blown up by Ijyb (3 damage)
             ... with a mindburst bolt
             ... on level 5 of the Dungeon.
             The game lasted 00:01:53 (3802 turns).

qw the Shooter (Gargoyle Hexslinger)                Turns: 3802, Time: 00:01:53

Health: 0/43       AC: 16    Str: 11    XL:     7   Next: 65%
Magic:  8/8        EV: 11    Int: 14    God:
Gold:   236        SH:  0    Dex: 14    Spells: 7/8 levels left

rFire   . . .        Y - +3 sling
rCold   + . .        (no shield)
rNeg    + . .        l - +2 leather armour {rC+}
rPois   inf          (no helmet)
rElec   +            (no cloak)
rCorr   .            o - +0 pair of gloves
SInv    .            i - +0 pair of boots
Will    +....        c - amulet of Peed {Acrobat rPois}
Stlth   +            e - ring of willpower
HPRegen 0.27/turn    n - +4 ring of protection
MPRegen 0.11/turn

%: acrobat
@: about to teleport
A: sickness immunity, AC +4, negative energy resistance 1, electricity
resistance, torment resistance 1, petrification resistance
a: no special abilities


You were on level 5 of the Dungeon.
You visited 1 branch of the dungeon, and saw 5 of its levels.

You collected 236 gold pieces.


Innate Abilities, Weirdness & Mutations

You are immune to sickness and miasma.
Your stone body is resilient. (AC +4)
You are immune to poison.
You resist negative energy. (rN+)
You are resistant to electric shocks. (rElec)
You are resistant to unholy torment.
You are immune to petrification.


   Skills:
 - Level 4.1 Fighting
 + Level 7.3 Ranged Weapons
 - Level 1.1 Armour
 - Level 1.5 Dodging
 - Level 1.0 Spellcasting
 - Level 2.6 Hexes


You had 7 spell levels left.
You knew the following spells:

 Your Spells              Type           Power      Damage    Failure   Level
a - Slow                  Hex            32%        N/A       12%         1

Your spell library contained the following spells:

 Spells                   Type           Power      Damage    Failure   Level
 Inner Flame              Hex/Fire       4%         N/A       52%         3
 Portal Projectile        Hex/Tloc       8%         N/A       52%         3
 Cause Fear               Hex            4%         N/A       75%         4

Inventory:

Hand Weapons
 Y - a +3 sling (weapon)
Armour
 i - a +0 pair of boots (worn)
 l - a +2 leather armour of cold resistance (worn)
 o - a +0 pair of gloves (worn)
Jewellery
 c - the amulet of Peed (around neck) {Acrobat rPois}
   (You acquired it on level 2 of the Dungeon)

   [amulet of the acrobat]

   It increases your evasion while moving and waiting.
   rPois:     It protects you from poison.
 e - a ring of willpower (left hand)
 f - a ring of ice
 n - a +4 ring of protection (right hand)
Scrolls
 a - 2 scrolls of identify
Potions
 b - 3 potions of curing
 g - a potion of resistance
 h - a potion of enlightenment
 j - 2 potions of magic {unknown}

Dungeon Overview and Level Annotations

Branches:
Dungeon (5/15)
 Temple: D:4-7

Altars:
Qazlal
Ru

Annotations:
D:5 Ijyb


Message History

The sling bullet hits Ijyb but does no damage.
Ijyb is lightly wounded.
Ijyb closely misses you.
You shoot a sling bullet. The sling bullet closely misses Ijyb.
Ijyb misses you.
You shoot a sling bullet. The sling bullet hits Ijyb.
Ijyb is moderately wounded.
Ijyb barely misses you. Something hits you but does no damage.
You shoot a sling bullet.
The sling bullet hits Ijyb but does no damage.
Ijyb is moderately wounded.
Ijyb zaps a wand.
You resist with some effort. Something hits you.
You shoot a sling bullet. The sling bullet barely misses Ijyb.
You hear some strange, mumbled words.
A puff of flame appears from out of thin air!
The puff of flame hits you. Ijyb hits you but does no damage.
You shoot a sling bullet. The sling bullet closely misses Ijyb.
Ijyb barely misses you. Something hits you but does no damage.
You shoot a sling bullet. The sling bullet hits Ijyb.
Ijyb is moderately wounded.
Ijyb closely misses you. Something hits you but does no damage.
You shoot a sling bullet.
The sling bullet hits Ijyb but does no damage.
Ijyb is moderately wounded.
Ijyb zaps a wand.
You resist with some effort. Something hits you but does no damage.
You shoot a sling bullet.
The sling bullet hits Ijyb but does no damage.
Ijyb is moderately wounded.
Ijyb zaps a wand.
Your mind is blasted!
Something hits you but does no damage.
You shoot a sling bullet.
The sling bullet hits Ijyb but does no damage.
Ijyb is moderately wounded.
Ijyb hits you with a +3 dagger of distortion.
Space warps horribly around you! Something hits you.
3802 ||| READING scroll of teleportation.
As you read the scroll of teleportation, it crumbles to dust.
You feel strangely unstable.
Ijyb zaps a wand.
Your mind is blasted!
You die...

###.##........................##.
.<[.....##:.#.########.###....#..
#[....###..##.# ####..<..#.....
......#...###.# #.....###(..##.
.##.###.### #.#####.###..#..#.##.
.##.:##.#####..##...# ##..>##.##.
.###....#.........#######..##.###
.###.##...####...##.......###.#
.##.))..### ###@#..# ..#.. #.#
.......#########g{.##...##.##.#
....##....#............[# .# ..
...###..)...#####..##... .#
.......##.### #...###...# ..
..#######.#####.#.#####.##
....### #................#
#.#...####....###.......!#
#.###..# #.######.........


You could see Ijyb.

Vanquished Creatures
  A water moccasin (D:5)
  A phantom (D:4)
  A hound (D:5)
  4 orc priests
  An iguana (D:2)
  2 sleepcaps (D:5)
  4 orc wizards
  4 adders
  A shadow imp (D:5)
  A white imp (D:5)
  An ufetubus (D:5)
  A worm (D:2)
  4 dart slugs
  18 orcs
  5 bats
  8 endoplasms
  3 giant cockroaches
  11 goblins
  4 hobgoblins
  8 jackals
  6 quokkas
  8 ball pythons
  A frilled lizard (D:3)
  8 kobolds
  3 rats (D:2)
109 creatures vanquished.

Notes
Turn   | Place    | Note
-------+----------+-------------------------------------------
     0 | D:1      | qw the Gargoyle Hexslinger began the quest for the Orb.
     0 | D:1      | Reached XP level 1. HP: 12/12 MP: 2/2
     0 | D:1      | 0 ||| qw: Version: 0.3-a-52-g30416fa
     0 | D:1      | 0 ||| qw: Game counter: 5570
     0 | D:1      | 0 ||| qw: Melee chars always use a shield: true
     0 | D:1      | 0 ||| qw: God list: Okawaru
     0 | D:1      | 0 ||| qw: Allow faded altars: false
     0 | D:1      | 0 ||| qw: Do Orc after clearing Dungeon:15 true
     0 | D:1      | 0 ||| qw: Do second Lair branch before Depths: true
     0 | D:1      | 0 ||| qw: Lair rune preference: random
     0 | D:1      | 0 ||| qw: Goals: Normal
     0 | D:1      | 0 ||| PLANNING D:1-11
   187 | D:1      | Reached XP level 2. HP: 16/16 MP: 3/3
   378 | D:1      | Reached skill level 3 in Ranged Weapons
   428 | D:1      | Found a faded altar of an unknown god.
   511 | D:1      | Reached XP level 3. HP: 20/21 MP: 4/4
   749 | D:1      | 749 ||| UPGRADING to +0 pair of boots.
   754 | D:1      | 754 ||| UPGRADING to +0 ring mail.
   764 | D:1      | 764 ||| DROPPING +0 robe.
   765 | D:1      | 765 ||| UPGRADING to ring of willpower.
   766 | D:1      | 766 ||| READING 3 scrolls labelled VOITOY ZOONNU.
   767 | D:1      | 767 ||| READING scroll labelled IKEFRAENYSICK.
   768 | D:1      | 768 ||| READING scroll labelled HUUSTR XOONAHEI.
   773 | D:1      | 773 ||| READING 2 scrolls of identify.
   773 | D:1      | 773 ||| IDENTIFYING fuming blue potion
   774 | D:1      | 774 ||| DROPPING scroll of poison.
   799 | D:2      | 799 ||| STAIRDANCE
   808 | D:1      | Reached skill level 1 in Armour
   878 | D:2      | Reached XP level 4. HP: 25/26 MP: 5/5
   934 | D:2      | Reached skill level 4 in Ranged Weapons
  1464 | D:2      | 1464 ||| DROPPING ring of magical power.
  1465 | D:2      | 1465 ||| UPGRADING to +4 ring of protection.
  1466 | D:2      | 1466 ||| READING scroll labelled LACUOR NYOBBA.
  1466 | D:2      | Identified a scroll of acquirement
  1466 | D:2      | 1466 ||| ACQUIRING amulet of Peed {Acrobat rPois}
  1466 | D:2      | Acquired the amulet of Peed {Acrobat rPois}
  1468 | D:2      | 1468 ||| UPGRADING to amulet of Peed {Acrobat rPois}.
  1473 | D:2      | 1473 ||| READING scroll labelled NOUT LATHEOJ.
  1474 | D:2      | 1474 ||| READING scroll labelled FOZIOLISMO.
  1475 | D:2      | 1475 ||| READING 3 scrolls of identify.
  1475 | D:2      | 1475 ||| IDENTIFYING fizzy silvery potion
  1476 | D:2      | 1476 ||| READING 2 scrolls of identify.
  1476 | D:2      | 1476 ||| IDENTIFYING blue potion
  1477 | D:2      | 1477 ||| DROPPING potion of degeneration.
  1505 | D:3      | 1505 ||| STAIRDANCE
  1513 | D:2      | Reached XP level 5. HP: 23/30 MP: 6/6
  1547 | D:3      | 1547 ||| STAIRDANCE
  1549 | D:2      | HP: 5/30 [orc priest/divine providence (10)]
  1550 | D:2      | 1550 ||| READING scroll of teleportation.
  1737 | D:3      | 1737 ||| READING scroll of enchant weapon.
  1737 | D:3      | 1737 ||| ENCHANTING +2 sling.
  1759 | D:3      | Reached skill level 5 in Ranged Weapons
  1788 | D:3      | Found a sacrificial altar of Ru.
  2204 | D:3      | Reached skill level 3 in Fighting
  2566 | D:3      | 2566 ||| UPGRADING to +2 leather armour of cold resistance.
  2576 | D:3      | 2576 ||| DROPPING +0 ring mail.
  2577 | D:3      | 2577 ||| UPGRADING to +0 pair of gloves.
  2582 | D:3      | 2582 ||| READING scroll labelled BOQAEJ ESASK.
  2583 | D:3      | 2583 ||| READING scroll labelled KYJEES DYURA.
  2584 | D:3      | 2584 ||| READING 2 scrolls labelled UDOJEKUKHA.
  2585 | D:3      | 2585 ||| READING scroll labelled BINIYSA LAAB.
  2586 | D:3      | 2586 ||| READING scroll labelled MAUGUE INKIUSEQISO.
  2587 | D:3      | 2587 ||| DROPPING scroll of vulnerability.
  2959 | D:4      | Found a stormy altar of Qazlal.
  2970 | D:4      | Reached XP level 6. HP: 37/37 MP: 7/7
  3045 | D:5      | Entered Level 5 of the Dungeon
  3060 | D:5      | 3060 ||| STAIRDANCE
  3078 | D:4      | Reached skill level 6 in Ranged Weapons
  3108 | D:5      | Reached XP level 7. HP: 39/41 MP: 8/8
  3109 | D:5      | 3109 ||| STAIRDANCE
  3201 | D:5      | 3201 ||| STAIRDANCE
  3432 | D:5      | Reached skill level 7 in Ranged Weapons
  3564 | D:5      | Noticed Ijyb
  3572 | D:5      | HP: 9/43 [disintegration (14)]
  3573 | D:5      | 3573 ||| READING 2 scrolls of teleportation.
  3801 | D:5      | HP: 5/43 [Ijyb/+3 dagger of distortion (14)]
  3802 | D:5      | 3802 ||| READING scroll of teleportation.
  3802 | D:5      | Blown up by Ijyb

Levels and vault maps discovered:
D:1:      evilmike_arrival_hilbert_curve, layout_loops_ring,
          dreamdust_ecumenical_altar_angels_and_demons
D:2:      layout_rooms, chequers_serial_rivers_micro_d, minmay_octomino_e4
D:3:      layout_loops_corners, nicolae_ru_sacrificial_ziggurat
D:4:      layout_rooms, mainiacjoe_overflow_chevrons
D:5:      layout_rooms, minmay_temple_entry_fiery, uniq_ijyb

Skill      XL: |  1  2  3  4  5  6  7 |
---------------+----------------------+-----
Ranged Weapons | 3 4 5 6 7 |  7.3
Fighting       | 2 3 4 |  4.1
Armour         | 1 |  1.1
Dodging        | |  1.5
Spellcasting   | |  1.0
Hexes          | |  2.6

Action                     |  1- 3 |  4- 6 |  7- 9 || total
---------------------------+-------+-------+-------++-------
   Fire: Sling             |   118 |   230 |   103 ||   451
    Use: Scroll            |     4 |    12 |     2 ||    18
 Armour: Robe              |    18 |       |       ||    18
         Ring mail         |    23 |    45 |       ||    68
         Leather armour    |       |    35 |    40 ||    75
  Dodge: Dodged            |    53 |    85 |    29 ||   167

Table legend:
 A = Non-vault XP
 B = Vault XP
 C = Vault XP percentage of total XP
 D = Non-vault monster count
 E = Vault monster count
 F = Vault count percentage of total count
                 A         B        C        D         E       F
            +---------+---------+-------+---------+---------+-------
      Total |     997 |       4 |   0.4 |     107 |       2 |   1.8
            +---------+---------+-------+---------+---------+-------
        D:1 |      53 |       0 |   0.0 |      23 |       0 |   0.0
        D:2 |     150 |       4 |   2.6 |      25 |       2 |   7.4
        D:3 |      99 |       0 |   0.0 |      28 |       0 |   0.0
        D:4 |     299 |       0 |   0.0 |      16 |       0 |   0.0
        D:5 |     396 |       0 |   0.0 |      15 |       0 |   0.0
            +---------+---------+-------+---------+---------+-------
